 Dungeon Crawl Stone Soup version 0.31.0-11-ge490571c62 (webtiles) character file.

Game seed: 17673726418324156254

37 sentinel the Chopper (level 3, -12/36 HPs)
             Began as an Oni Gladiator on Feb 4, 2024.
             Killed by divine providence
             ... invoked by an orc priest
              (14 damage)
             ... on level 4 of the Dungeon.
             The game lasted 00:01:58 (732 turns).

sentinel the Chopper (Oni Gladiator)                 Turns: 732, Time: 00:01:59

Health: -12/36     AC:  3    Str: 20    XL:     3   Next: 41%
Magic:  3/3        EV: 10    Int:  9    God:
Gold:   119        SH:  5    Dex: 10    Spells: 2/2 levels left

rFire   . . .        a - +1 war axe
rCold   . . .        (no shield)
rNeg    . . .        b - +0 robe
rPois   +            c - +0 hat
rElec   .            (no cloak)
rCorr   .            (gloves unavailable)
SInv    .            (boots unavailable)
Will    .....        g - amulet of reflection
Stlth   +            o - ring of poison resistance
HPRegen 0.26/turn    (no ring)
MPRegen 0.08/turn

%: reflection
@: no status effects
A: large, unfitting armour, horns 1, tough skin 1, double potion healing,
drunken brawling
a: no special abilities


You were on level 4 of the Dungeon.
You visited 1 branch of the dungeon, and saw 3 of its levels.

You collected 119 gold pieces.

Inventory:

Hand Weapons
 a - a +1 war axe (weapon)
Missiles
 d - 3 throwing nets (quivered)
 e - a large rock
Armour
 b - a +0 robe (worn)
 c - a +0 hat (worn)
Jewellery
 g - an amulet of reflection (around neck)
 o - a ring of poison resistance (left hand)
Scrolls
 h - a scroll of immolation


   Skills:
 - Level 2.6 Fighting
 + Level 4.4 Axes
 - Level 2.0 Throwing
 - Level 2.6 Dodging


You had 2 spell levels left.
You didn't know any spells.
Your spell library contained the following spells:

 Spells                   Type           Power      Damage    Failure   Level
 Foxfire                  Conj/Fire      0%         2x1d4     38%         1
 Plasma Beam              Fire/Air       0%         2x1d10    100%        6
 Starburst                Conj/Fire      0%         6d3       100%        6


Dungeon Overview and Level Annotations

Branches:
Dungeon (2/15) Zot: 17253

Altars:

Shops:
D:1 !

Annotations:
D:2 Jessica


Innate Abilities, Weirdness & Mutations

You are too large for most types of armour.
You have a pair of small horns on your head.
You have tough skin. (AC +1)
You gain doubled healing and magic from potions.
Whenever you drink a healing potion, you attack all around you.


Message History

There is an open door here.
Found a whip.
You see here a +0 whip.
You see here a +0 spear.
Found a stone staircase leading down.
No target in view!
No target in view!
No target in view!
No target in view!
No target in view!
No target in view!
No target in view!
No target in view!
No target in view!
There is a stone staircase leading down here.
A bat comes into view.
The bat hits you. The bat misses you.
You hit the bat.
You kill the bat!
No target in view!
No target in view!
No target in view!
No target in view!
No target in view!
No target in view!
No target in view!
No target in view!
No target in view!
No target in view!
No target in view!
(D) Dungeon
Where to? (? - help)
There is a stone staircase leading down here.
You climb downwards.
Found 8 gold pieces.
There is a stone staircase leading up here.
You now have 97 gold pieces (gained 8).
Found a stone staircase leading up.
No target in view!
No target in view!
No target in view!
No target in view!
No target in view!
No target in view!
No target in view!
There is a stone staircase leading up here.
i - a scroll labelled ZOAKAFISYE As you open the door, it creaks loudly!
No target in view!
No target in view!
No target in view!
No target in view!
No target in view!
No target in view!
An endoplasm comes into view.
There is an open door here.
But you're not safe!
The endoplasm quivers.
You slash the endoplasm!
You kill the endoplasm!
No target in view!
No target in view!
No target in view!
No target in view!
No target in view!
You now have 104 gold pieces (gained 7).
f - 2 scrolls labelled ITONIV FOUSU (gained 1)
There is an open door here.
Found a stone staircase leading down.
You open the door.
Jessica the Apprentice Sorceress comes into view.
She is wielding a +0 dagger.
A malevolent force fills the Dungeon...
You fall into a shaft and drop 2 floors!
The shaft crumbles and collapses.
You now have 119 gold pieces (gained 15).
An adder, an orc and 2 orc priests come into view.
The adder hisses angrily.
The orc shouts!
You hear a shout!
An orc comes into view. It is wielding a +0 dagger.
You aren't carrying any items that you can evoke.
Unknown command.
You aren't carrying any potions.
As you read the scroll labelled ITONIV FOUSU, it crumbles to dust.
It is a scroll of identify.
h - a scroll of immolation;
r - a scroll of identify
As you read the scroll of identify, it crumbles to dust.
i - a scroll of enchant weapon
As you read the scroll of enchant weapon, it crumbles to dust.
Your +0 war axe glows red for a moment.
You aren't carrying any potions.
Unknown command.
Okay, then.
You aren't carrying any items that you can evoke.
Unknown command.
You barely miss the adder.
The orc priest shouts!
The adder bites you but does no damage. The adder bites you.
You closely miss the adder. Your headbutt misses the adder.
The adder bites you. The adder closely misses you.
You block the adder's attack. The adder attacks as it pursues you!
The adder bites you.
The orc priest casts a cantrip, but nothing happens.
The adder attacks as it pursues you! The adder bites you.
The adder attacks as it pursues you! You block the adder's attack.
The adder bites you.
You miss the adder. The adder bites you but does no damage.
You closely miss the adder. The adder closely misses you.
You block the adder's attack.
You barely miss the adder. You block the adder's attack. The adder bites you.
You miss the adder. Your headbutt misses the adder.
The adder barely misses you.
You closely miss the adder. You headbutt the adder.
The adder is moderately wounded.
The adder misses you. The adder bites you but does no damage.
You miss the adder.
The adder is moderately wounded.
The adder bites you. x2
You are too injured to fight recklessly!
You are too injured to fight recklessly!
You are too injured to fight recklessly!
You hit the adder but do no damage. Your punch misses the adder.
The adder is moderately wounded.
The adder barely misses you. You block the adder's attack.
You closely miss the adder. You punch the adder.
The adder is severely wounded.
The adder bites you.
You hit the adder.
You kill the adder!
The orc attacks as it pursues you! You block the orc's attack.
The orc attacks as it pursues you! The orc hits you with a +0 short sword.
The orc priest miscasts a cantrip.
You hear a shout!
You open the door.
An adder comes into view.
The adder hisses angrily.
The orc hits you with a +0 short sword.
There is an open door here.
You miss the adder. You barely miss the orc.
The adder bites you but does no damage.
The orc priest mumbles some strange prayers to Beogh against you.
Beogh smites you!
* * * LOW HITPOINT WARNING * * *
The orc closely misses you. The adder bites you.
* * * LOW HITPOINT WARNING * * *
HP warning!
You block the orc's attack.
HP warning!
The adder attacks as it pursues you! The adder closely misses you.
The orc priest mumbles some strange prayers to Beogh against you.
Beogh smites you!
You die...

#.# #.# #.# #..........
#.# #.##.......... #.#
#.##.......... #.#
#.##..........
###'#####.##..........
#..oS...#.##.......... .
#....@#.#.##..........
...##....o#.#.##..........
............†.............
............#o###########.
............#.#
............#o#
............#o#
...#######..#.# .. ...#o#


You could see an orc priest, an adder and an orc.

Vanquished Creatures
  An adder (D:4)
  A dart slug (D:1)
  4 endoplasms
  A giant cockroach (D:1)
  3 hobgoblins (D:1)
  3 ball pythons (D:1)
  4 bats (D:1)
  2 frilled lizards (D:1)
  3 goblins (D:1)
  2 kobolds (D:1)
  3 rats (D:1)
27 creatures vanquished.

Notes
Turn   | Place    | Note
-------+----------+-------------------------------------------
     0 | D:1      | sentinel the Oni Gladiator began the quest for the Orb.
     0 | D:1      | Reached XP level 1. HP: 22/22 MP: 1/1
    79 | D:1      | Reached XP level 2. HP: 29/29 MP: 2/2
   128 | D:1      | Found Jil Vebe's Distillery.
   381 | D:1      | Reached skill level 4 in Axes
   454 | D:1      | Reached XP level 3. HP: 36/36 MP: 3/3
   672 | D:2      | Noticed Jessica
   673 | D:2      | You fall into a shaft and drop 2 floors!
   732 | D:4      | Killed from afar by an orc priest

Illustrated notes

Levels and vault maps discovered:
D:1:      zaba_arrival_water, layout_loops_ring, serial_shops,
          nicolae_shop_advertising_works [nicolae_subvault_shop_adworks],
          minivault_27
D:2:      layout_basic, serial_shops, nicolae_shop_trees, supply_closet_lemuel,
          nrook_mini_vaults, minmay_randomly_rotated_circles, uniq_jessica
D:4:      layout_basic, abandoned_shop, feat_on_display

Skill      XL: |  1  2 |
---------------+-------+-----
Axes           | 4 |  4.4
Fighting       | |  2.6
Throwing       | |  2.0
Dodging        | |  2.6

Action                     || total
---------------------------++-------
  Melee: War axe           ||    46
         Headbutt          ||     4
         Punch             ||     1
    Use: Scroll            ||     4
 Armour: Robe              ||    28
  Dodge: Dodged            ||    24
  Block: Other             ||    12
         Reflection        ||     1
